 Dungeon Crawl Stone Soup version 0.31.0-11-ge490571c62 (webtiles) character file.

Game seed: 17762219587146227633

3697 Rassilon the Trooper (level 9, -5/80 HPs)
             Began as a Demonspawn Monk on Feb 1, 2024.
             Was a Believer of Wu Jian.
             Slain by a two-headed ogre
             ... wielding a +0 giant spiked club
              (31 damage)
             ... on level 10 of the Dungeon.
             The game lasted 00:48:51 (8687 turns).

Rassilon the Trooper (Demonspawn Monk)              Turns: 8687, Time: 00:48:52

Health: -5/80      AC: 14    Str: 25    XL:     9   Next: 90%
Magic:  14/15      EV: 13    Int: 13    God:    Wu Jian [**....]
Gold:   398        SH:  8    Dex: 16    Spells: 15/16 levels left

rFire   . . .        m - +0 scimitar
rCold   + . .        C - +0 kite shield of Ycig {+Blink Str+3 Slay+3}
rNeg    . . .        G - +5 ring mail of a Labyrinth {Fly Int+3}
rPois   .            l - +0 helmet
rElec   .            (no cloak)
rCorr   .            (no gloves)
SInv    .            (no boots)
Will    .....        (no amulet)
Stlth   +            k - ring of protection from cold
HPRegen 0.33/turn    h - +6 ring of strength
MPRegen 0.14/turn

%: no passive effects
@: flying, very slightly contaminated
A: thin metallic scales 2, demonic guardian 1, demonic magic 2, robust 1, wild
magic 1
a: Renounce Religion, Evoke Blink, Wall Jump


You were on level 10 of the Dungeon.
You worshipped Wu Jian.
Wu Jian was pleased with you.
You visited 2 branches of the dungeon, and saw 11 of its levels.

You collected 482 gold pieces.
You spent 84 gold pieces at shops.

Inventory:

Hand Weapons
 m - a +0 scimitar (weapon)
Armour
 d - an orb of energy
 l - a +0 helmet (worn)
 C - the +0 kite shield of Ycig (worn) {+Blink Str+3 Slay+3}
   (You found it on level 8 of the Dungeon)

   Str+3:     It affects your strength (+3).
   Slay+3:    It affects your accuracy & damage with ranged weapons and melee
   (+3).
   +Blink:    It lets you blink.
 D - a +2 pair of boots
 G - the +5 ring mail of a Labyrinth (worn) {Fly Int+3}
   (You found it on level 9 of the Dungeon)

   Int+3:     It affects your intelligence (+3).
   Fly:       It grants you flight.
Jewellery
 e - a ring of willpower
 h - a +6 ring of strength (right hand)
 k - a ring of protection from cold (left hand)
Talismans
 p - a flux talisman
Wands
 n - a wand of paralysis (19)
 u - a wand of roots (6)
 x - a wand of quicksilver (4)
 F - a wand of flame (13)
Scrolls
 a - a scroll of blinking
 i - 2 scrolls of teleportation
 j - 2 scrolls of poison {unknown}
 o - 3 scrolls of fog
 q - a scroll of enchant weapon
 w - a scroll of fear {unknown}
 y - a scroll of summoning {unknown}
 B - a scroll of amnesia {unknown}
Potions
 c - 3 potions of curing
 f - a potion of brilliance
 s - 3 potions of attraction
 z - a potion of ambrosia
 A - a potion of mutation


   Skills:
 + Level 7.7 Fighting
 - Level 5.0 Long Blades
 + Level 3.1 Armour
 + Level 7.0 Dodging
 + Level 4.1 Spellcasting
 + Level 5.4 Shapeshifting


You had 15 spell levels left.
You knew the following spells:

 Your Spells              Type           Power      Damage    Failure   Level
a - Sting                 Conj/Alch      12%        1d3       67%         1

Your spell library contained the following spells:

 Spells                   Type           Power      Damage    Failure   Level
 Apportation              Tloc           6%         N/A       67%         1
 Necrotise                Necr           12%        1d4       67%         1
 Summon Small Mammal      Summ           12%        N/A       67%         1
 Call Imp                 Summ           6%         N/A       80%         2
 Sublimation of Blood     Necr           3%         N/A       80%         2
 Tukima's Dance           Hex            3%         N/A       95%         3
 Dimensional Bullseye     Hex/Tloc       1%         N/A       100%        4
 Iskenderun's Mystic Bla  Conj/Tloc      3%         2d3       100%        4
 Passage of Golubria      Tloc           3%         N/A       100%        4
 Silence                  Hex/Air        1%         N/A       100%        5
 Summon Hydra             Summ           1%         N/A       100%        7
 Lehudib's Crystal Spear  Conj/Erth      1%         10d2      100%        8
 Chain Lightning          Conj/Air       1%         3d2       100%        9
 Fire Storm               Conj/Fire      1%         8d1       100%        9
 Shatter                  Erth           1%         3d6*      100%        9


Dungeon Overview and Level Annotations

Branches:
Dungeon (10/15)            Temple (1/1) D:4             Orc (0/2) D:10
   Lair: D:8-11

Altars:
Ashenzari
Cheibriados
Dithmenos
Fedhas
Gozag
Hepliaklqana
Kikubaaqudgha
Makhleb
Nemelex Xobeh
Qazlal
Ru
Trog
Uskayaw
Vehumet
Wu Jian
Xom
Yredelemnul

Shops:
D:5 !


Innate Abilities, Weirdness & Mutations

You are mostly covered in thin metallic scales. (AC +3)
A weak demonic guardian rushes to your aid.
Spells you cast may paralyse nearby enemies.
You are robust. (+10% HP)
Your spells are a little harder to cast, but a little more powerful.


Message History

The boulder beetle is severely wounded.
A two-headed ogre comes into view.
It is wielding a +0 giant spiked club and a +0 giant club.
The boulder beetle hits you!!
* * * LOW HITPOINT WARNING * * *
The boulder beetle stops rolling and uncurls.
The boulder beetle curls into a ball and begins rolling!
The boulder beetle looks more healthy.
The boulder beetle closely misses you.
The boulder beetle stops rolling and uncurls.
You feel better. The boulder beetle bites you!
* * * LOW HITPOINT WARNING * * *
You spin and attack the boulder beetle.
You hit the boulder beetle but do no damage.
The boulder beetle is severely wounded.
The boulder beetle completely misses you.
Unknown command.
You spin and attack the boulder beetle.
You hit the boulder beetle but do no damage.
The boulder beetle is severely wounded.
The boulder beetle leaps!
Unknown command.
You feel better. The two-headed ogre closely misses you.
The two-headed ogre hits you with a +0 giant club.
Aiming: Wall Jump
Press: ? - help, Dir - move target, p - boulder beetle You repeatedly attack the boulder beetle from above.
You hit the boulder beetle.
The boulder beetle is severely wounded.
You hit the boulder beetle but do no damage.
The boulder beetle is severely wounded.
You repeatedly attack the two-headed ogre from above.
You slash the two-headed ogre!
The two-headed ogre is moderately wounded.
You hit the two-headed ogre.
The two-headed ogre is moderately wounded.
The boulder beetle closely misses you.
The boulder beetle bites you but does no damage.
The two-headed ogre hits you with a +0 giant spiked club!!
You die...

... .. #y## #####
#5.## ....### #..# ##
......######§#####
##...
....#.##..y°y#...#
#...
....#.##.###.#.#O##..#
....#.y..#...#.#@#..#
....####.#.#####○B.#
....# #.........###
##### #####.##### #.#
#.# #.## #..# # ##.#


You could see a boulder beetle and a two-headed ogre.

Vanquished Creatures
  Jeremiah (D:9)
  A wyvern (D:9)
  3 yaks (D:9)
  A warg (D:9)
  Eustachio (D:5)
  A vampire mosquito (D:10)
  2 orc warriors
  An ogre (D:6)
  4 centaurs
  A wolf (D:10)
  2 kobold brigands
  Blork the orc (D:6)
  4 bullfrogs
  A gnoll sergeant (D:6)
  A scorpion (D:3)
  3 wights (D:10)
  6 killer bees (D:9)
  A howler monkey (D:10)
  4 hounds
  2 jellies
  A gnoll bouda (D:8)
  3 sleepcaps (D:6)
  An iguana (D:5)
  Ijyb (D:5)
  3 orc wizards
  Robin (D:4)
  6 adders
  10 gnolls
  A shadow imp (D:6)
  A white imp (D:5)
  2 ufetubi (D:7)
  3 dart slugs
  13 orcs
  7 ball pythons
  6 endoplasms
  3 giant cockroaches (D:1)
  9 hobgoblins
  2 jackals (D:1)
  4 quokkas
  8 bats
  4 frilled lizards
  13 goblins
  19 kobolds
  3 rats (D:1)
165 creatures vanquished.

Vanquished Creatures (collateral kills)
  A bullfrog (D:8)
1 creature vanquished.

Grand Total: 166 creatures vanquished

Notes
Turn   | Place    | Note
-------+----------+-------------------------------------------
     0 | D:1      | Rassilon the Demonspawn Monk began the quest for the Orb.
     0 | D:1      | Reached XP level 1. HP: 18/18 MP: 1/1
   160 | D:1      | Gained mutation: You are partially covered in thin metallic
                  | scales. (AC +2) [demonic ancestry]
   160 | D:1      | Reached XP level 2. HP: 18/24 MP: 2/2
   818 | D:1      | Reached XP level 3. HP: 29/29 MP: 3/3
  1235 | D:2      | Found a faded altar of an unknown god.
  1784 | D:3      | Gained mutation: Spells you cast may paralyse adjacent
                  | enemies. [demonic ancestry]
  1784 | D:3      | Reached XP level 4. HP: 32/35 MP: 4/4
  2273 | D:3      | Gained mutation: Armour fits poorly on your strangely
                  | shaped body. [potion of mutation]
  2273 | D:3      | Gained mutation: You occasionally shout uncontrollably at
                  | your foes. [potion of mutation]
  2274 | D:3      | Lost mutation: Armour fits poorly on your strangely shaped
                  | body. [potion of mutation]
  2274 | D:3      | Lost mutation: You occasionally shout uncontrollably at
                  | your foes. [potion of mutation]
  2274 | D:3      | Gained mutation: You are robust. (+10% HP) [potion of
                  | mutation]
  2274 | D:3      | Gained mutation: Your spells are a little harder to cast,
                  | but a little more powerful. [potion of mutation]
  2325 | D:4      | Noticed a scorpion
  2360 | D:3      | Killed a scorpion
  2361 | D:3      | Reached XP level 5. HP: 24/46 MP: 5/5
  2500 | D:4      | Learned a level 1 spell: Sting
  2529 | D:4      | Found a staircase to the Ecumenical Temple.
  2538 | Temple   | Entered the Ecumenical Temple
  2585 | D:4      | Found a shimmering altar of Xom.
  2603 | D:4      | Noticed Robin
  2627 | D:4      | Killed Robin
  2748 | D:4      | Reached skill level 1 in Shapeshifting
  2930 | D:4      | Found the +7 Kryia's mail coat {PotionHeal*2 rC+}
  3126 | D:5      | Entered Level 5 of the Dungeon
  3137 | D:5      | Reached XP level 6. HP: 38/52 MP: 4/6
  3195 | D:5      | Noticed Eustachio
  3214 | D:5      | Killed Eustachio
  3366 | D:5      | Noticed Ijyb
  3367 | D:5      | Reached skill level 5 in Long Blades
  3391 | D:5      | Killed Ijyb
  3472 | D:5      | Gained mutation: You are mostly covered in thin metallic
                  | scales. (AC +3) [demonic ancestry]
  3472 | D:5      | Reached XP level 7. HP: 53/60 MP: 7/7
  3509 | D:5      | Found Erawi Niohi's Distillery.
  3519 | D:5      | Bought a potion of curing for 42 gold pieces
  3519 | D:5      | Bought a potion of attraction for 42 gold pieces
  4157 | D:6      | Reached skill level 5 in Fighting
  4200 | D:6      | Noticed Blork the orc
  4215 | D:6      | Killed Blork the orc
  4319 | D:6      | Reached skill level 5 in Dodging
  4489 | D:6      | Gained mutation: A weak demonic guardian rushes to your
                  | aid. [demonic ancestry]
  4489 | D:6      | Reached XP level 8. HP: 67/69 MP: 8/8
  4914 | D:6      | Reached skill level 1 in Spellcasting
  5509 | D:7      | Identified the +0 leather armour of Woaloc {Str-5 Dex+5}
  5658 | D:7      | Found an ornate altar of the Wu Jian Council.
  5665 | D:7      | Became a worshipper of the Wu Jian Council
  5665 | D:7      | Reached * piety under Wu Jian
  5665 | D:7      | Reached ** piety under Wu Jian
  5863 | D:8      | Identified the +0 kite shield of Ycig {+Blink Str+3 Slay+3}
  6080 | D:8      | Found a stormy altar of Qazlal.
  6126 | D:8      | Found an ancient bone altar of Kikubaaqudgha.
  6149 | D:8      | Found a sacrificial altar of Ru.
  6437 | D:8      | Found a snail-covered altar of Cheibriados.
  6799 | D:9      | Gained mutation: Spells you cast may paralyse nearby
                  | enemies. [demonic ancestry]
  6799 | D:9      | Reached XP level 9. HP: 75/78 MP: 12/12
  6808 | D:9      | Reached skill level 1 in Armour
  7002 | D:9      | Identified the +5 ring mail of a Labyrinth {Fly Int+3}
  7057 | D:9      | Identified the +0 robe "Seakhlo" {rN+}
  7095 | D:9      | Noticed Jeremiah
  7133 | D:9      | Killed Jeremiah
  7134 | D:9      | Reached skill level 5 in Shapeshifting
  7861 | D:10     | Entered Level 10 of the Dungeon
  8116 | D:10     | Noticed a boulder beetle
  8402 | D:10     | Found a staircase to the Orcish Mines.
  8675 | D:10     | Noticed a two-headed ogre
  8687 | D:10     | Slain by a two-headed ogre

Illustrated notes

Levels and vault maps discovered:
D:1:      dpeg_arrival_arbitrary_a, layout_basic
D:2:      layout_basic, dreamdust_ecumenical_altar_angels_and_demons,
          chequers_serial_rivers_small_a
D:3:      layout_loops_ring
D:4:      layout_basic, mainiacjoe_overflow_six_doors_small,
          minmay_temple_entry_hall, nicolae_underground_beach, uniq_robin
D:5:      layout_cave_pods, serial_shops, nicolae_shop_crystal, uniq_eustachio,
          uniq_ijyb
D:6:      layout_basic, dreamdust_princess_corridor, kennysheep_generic_room_14,
          uniq_blork_the_orc
D:7:      layout_cave_pools, nzn_wu_jian_council_hall
D:8:      layout_loops_ring, mainiacjoe_overflow_alcove_1, grunt_qazlal_clouds,
          nicolae_overflow_hidden_temple
D:9:      layout_basic, uniq_jeremiah
D:10:     layout_roguey, minmay_orc_entry_guard_dogs, uniq_lodul
Temple:   nicolae_temple_great_sept

Skill      XL: |  1  2  3  4  5  6  7  8  9 |
---------------+----------------------------+-----
Long Blades    | 3 4 5 |  5.0
Dodging        | 3 4 5 6 7 |  7.0
Shapeshifting  | 1 2 3 4 5 |  5.4
Fighting       | 4 5 6 7 |  7.7
Spellcasting   | 2 4 |  4.1
Armour         | 3 |  3.1

Action                     |  1- 3 |  4- 6 |  7- 9 || total
---------------------------+-------+-------+-------++-------
  Melee: Falchion          |   133 |    73 |    37 ||   243
         Dagger            |       |    68 |    22 ||    90
         Long sword        |       |       |   394 ||   394
         Scimitar          |       |       |    55 ||    55
   Cast: Sting             |       |     2 |     1 ||     3
Ability: Lunge             |       |       |    22 ||    22
         Whirlwind         |       |       |    79 ||    79
         Wall Jump         |       |       |     6 ||     6
  Evoke: Wand              |       |       |     3 ||     3
    Use: Scroll            |       |     6 |     6 ||    12
         Potion            |       |     3 |    11 ||    14
   Stab: Paralysed         |       |     3 |     7 ||    10
 Armour: Robe              |    16 |       |       ||    16
         Leather armour    |    54 |    50 |       ||   104
         Scale mail        |       |    45 |   291 ||   336
         Ring mail         |       |       |    98 ||    98
  Dodge: Dodged            |    93 |    79 |   288 ||   460
  Block: Kite shield       |       |       |   113 ||   113
